Map: Arctic Dream LE

Players

Yaoung

  • Race: Protoss Protoss
  • League: Platinum
  • Spawn Location: 6:00

DeadLord

  • Race: Protoss Protoss
  • Spawn Location: 5:00

warseeker

  • Race: Zerg Zerg
  • League: Platinum
  • Spawn Location: 12:00

sobietrice

  • Race: Terran Terran
  • League: Gold
  • Spawn Location: 11:00

VOD

Have the link to the VOD?

Description

Time

  • Played on: Sept. 3, 2020, 2:42 p.m.
  • Length: 2:44
Show
View Real Time Build Order
Export as new Build Order

Yaoung Protoss 

Build Orders:  

Get SALT Encoding   

  12  0:00  Probe  
  13  0:12  Probe  
  14  0:18  Pylon  
  14  0:24  Probe  
  15  0:36  Probe  
  15  0:41  Gateway  
  16  0:49  Probe (Chrono Boost)  
  17  0:56  Assimilator  
  17  1:00  Probe (Chrono Boost), Assimilator  
  18  1:05  Probe (Chrono Boost)  
  19  1:15  Probe (Chrono Boost)  
  20  1:19  Pylon  
  21  1:27  Probe (Chrono Boost)  
  21  1:28  Cybernetics Core  
  21  1:40  Probe  
  22  1:52  Probe  
  23  2:01  Nexus  
  23  2:07  Stargate  
  23  2:14  Zealot (Chrono Boost)  
Show
View Real Time Build Order
Export as new Build Order

DeadLord Protoss 

Build Orders: 1 Gate Expand 

Get SALT Encoding   

  12  0:01  Probe  
  13  0:13  Probe  
  14  0:26  Probe, Pylon  
  15  0:44  Probe  
  16  0:52  Gateway  
  16  0:56  Pylon  
  16  0:57  Probe  
  17  1:09  Probe  
  18  1:21  Probe  
  18  1:24  Nexus  
  19  1:35  Probe  
  20  1:47  Probe  
  20  1:52  Assimilator  
  21  1:54  Assimilator  
  21  2:00  Probe  
  22  2:12  Probe  
  22  2:14  Cybernetics Core  
  23  2:16  Zealot  
Show
View Real Time Build Order
Export as new Build Order

warseeker Zerg 

Build Orders: Pool First 

Get SALT Encoding   

  12  0:00  Drone  
  13  0:21  Spawning Pool  
  13  0:25  Drone  
  13  0:31  Drone  
  14  0:39  Overlord  
  14  0:52  Extractor  
  13  1:08  Zergling x6  
  16  1:11  Queen  
  18  1:20  Drone  
  19  1:38  Overlord  
  19  1:55  Hatchery  
  18  2:05  Zergling x6  
Show
View Real Time Build Order
Export as new Build Order

sobietrice Terran 

Build Orders:  

Get SALT Encoding   

  12  0:00  SCV  
  13  0:16  Supply Depot  
  13  0:42  Barracks  
  13  0:46  Barracks  
  13  0:57  SCV  
  14  1:08  Barracks  
  14  1:14  Refinery  
  14  1:19  SCV  
  15  1:31  Marine  
  16  1:33  Marine  
  17  1:46  SCV  
  18  1:49  Marine  
  18  1:51  Marine  
  20  1:57  Supply Depot  
  20  2:09  Marine  
  21  2:15  Marine  
  21  2:18  Bunker  
  22  2:26  Bunker  
Tags
 
Add a new tag
Caveats
  • Supply blocks, unpowered buildings, or Contaminate may cause inaccurate times.
  • Supply counts are checked every 10 seconds.